 Dungeon Crawl Stone Soup version 0.31-a0-161-gb58dd9be76 (webtiles) character file.

Game seed: 6702841670619468900

60 mopl the Chopper (level 4, 0/34 HPs)
             Began as a Formicid Warper on June 12, 2023.
             Slain by a jelly (3 damage)
             ... on level 3 of the Dungeon.
             The game lasted 00:01:42 (1484 turns).

mopl the Chopper (Formicid Warper)                  Turns: 1484, Time: 00:01:43

Health: 0/34       AC:  0    Str: 18    XL:     4   Next: 24%
Magic:  7/7        EV: 12    Int: 12    God:
Gold:   80         SH:  0    Dex: 13    Spells: 7/7 levels left

rFire   + . .        g - +0 rapier (venom)
rCold   + . .        (no shield)
rNeg    . . .        b - +0 leather armour
rPois   .            (helmet unavailable)
rElec   .            f - scarf {rC+ rF+}
rCorr   .            (no gloves)
SInv    +            (no boots)
Will    .....        (no amulet)
Stlth   +            (no ring)
HPRegen 0.25/turn    (no ring)
MPRegen 0.10/turn

%: no passive effects
@: corroded
A: permanent stasis, dig shafts and tunnels, antennae 3, four strong arms
a: Dig, Shaft Self


You were on level 3 of the Dungeon.
You visited 1 branch of the dungeon, and saw 3 of its levels.

You collected 80 gold pieces.

Inventory:

Hand Weapons
 a - a +0 hand axe
 g - a +0 rapier of venom (weapon)
Missiles
 d - 7 boomerangs of dispersal (quivered)
 h - 3 poisoned darts
Armour
 b - a +0 leather armour (worn)
 f - a scarf of resistance (worn)
Scrolls
 c - a scroll of blinking
 l - a scroll of poison {unknown}
 m - a scroll of immolation {unknown}
 o - a scroll of noise {unknown}
 p - a scroll of fog {unknown}
 r - a scroll of identify {unknown}
Potions
 e - a potion of ambrosia {unknown}
 i - a potion of berserk rage {unknown}
 j - a potion of heal wounds {unknown}
 k - a potion of curing {unknown}
 n - a potion of mutation {unknown}
 q - a potion of lignification {unknown}
 s - a potion of enlightenment {unknown}


   Skills:
 + Level 2.9 Fighting
 * Level 3.0 Axes
 - Level 1.0 Throwing
 + Level 2.0 Armour
 + Level 2.3 Dodging
 - Level 2.1 Spellcasting
 - Level 2.6 Translocations


You had 7 spell levels left.
You didn't know any spells.
Your spell library contained the following spells:

 Spells                   Type           Power      Damage    Failure   Level
 Lesser Beckoning         Tloc           14%        N/A       16%         2
 Teleport Other           Tloc           7%         N/A       32%         3
 Portal Projectile        Hex/Tloc       8%         N/A       50%         3
 Call Canine Familiar     Summ           1%         N/A       67%         3
 Manifold Assault         Tloc           7%         N/A       71%         4
 Leda's Liquefaction      Hex/Erth       0%         N/A       97%         4
 Blink                    Tloc           Unusable   N/A       N/A         2
 Vhi's Electric Charge    Tloc/Air       Unusable   N/A       N/A         3

Dungeon Overview and Level Annotations

Branches:
Dungeon (3/15)

Altars:
Wu Jian


Innate Abilities, Weirdness & Mutations

You cannot be hasted, slowed, berserked, paralysed or teleported.
You can dig through walls and to a lower floor.
You have a pair of large antennae on your head. (SInv)
Your four strong arms can wield two-handed weapons with a shield.


Message History

You have reached level 4!
You feel stronger.
Okay, then.
You miss the bat. The bat misses you.
You miss the bat. The bat completely misses you.
The bat hits you but does no damage.
You completely miss the bat. The bat hits you but does no damage. x2
You barely miss the bat. The bat hits you. The bat barely misses you.
The bat hits you but does no damage.
You barely miss the bat. The bat hits you but does no damage. x2
You hit the bat but do no damage. The bat misses you.
The bat closely misses you. The bat barely misses you.
You hit the bat.
You kill the bat!
You hit the orc.
The orc is poisoned.
The orc is lightly wounded.
The orc hits you with a +0 whip.
You kill the orc!
An adder comes into view.
You hit the adder.
The adder is poisoned.
The adder is heavily wounded.
The adder closely misses you. The jelly closely misses you.
You hit the adder.
The adder is almost dead.
The adder bites you. The adder bites you but does no damage.
The jelly hits you.
You are splashed with acid!
You hit the adder.
You kill the adder!
The jelly hits you. The acid corrodes you!
You are splashed with acid!
* * * LOW HITPOINT WARNING * * *
Your Axes skill increases to level 3!
Your Armour skill increases to level 2!
Okay, then.
You aren't carrying any items that you can evoke.
Okay, then.
Okay, then.
You hit the jelly.
Your hands burn!
* * * LOW HITPOINT WARNING * * *
The jelly is lightly wounded.
The jelly hits you.
You die...

## #.# .. ## ####.# #.
. #....# #.# .# ###
#...b# #..#####.#
....#....#####.#.....#
..............@J..#
#....#########.######
#<....)...J.........
#...######......###.
#.....# #.......#
#.....# #........#
#.....# #.........#
#.....# #.........#
###...# #..........


You could see a jelly.

Vanquished Creatures
  2 adders
  A dart slug (D:2)
  An orc (D:3)
  3 endoplasms
  A giant cockroach (D:2)
  2 goblins
  2 hobgoblins (D:2)
  4 jackals (D:2)
  3 kobolds (D:2)
  6 ball pythons
  8 bats
  3 frilled lizards (D:2)
  2 rats (D:1)
38 creatures vanquished.

Notes
Turn   | Place    | Note
-------+----------+-------------------------------------------
     0 | D:1      | mopl the Formicid Warper began the quest for the Orb.
     0 | D:1      | Reached XP level 1. HP: 16/16 MP: 3/3
   139 | D:1      | Found a faded altar of an unknown god.
   331 | D:1      | Reached XP level 2. HP: 22/23 MP: 5/5
   574 | D:2      | Reached skill level 2 in Dodging
   625 | D:2      | Found an ornate altar of the Wu Jian Council.
   693 | D:2      | Reached XP level 3. HP: 22/28 MP: 6/6
  1465 | D:3      | Reached XP level 4. HP: 26/34 MP: 7/7
  1483 | D:3      | Reached skill level 3 in Axes
  1483 | D:3      | Reached skill level 2 in Armour
  1484 | D:3      | Slain by a jelly

Illustrated notes

Levels and vault maps discovered:
D:1:      sevenhm_arrival_forest_fort_large_4, layout_rooms,
          hellmonk_ecumenical_altar_zigzags, chequers_serial_rivers_small_a
D:2:      layout_loops_corners, basic_altar, dreamdust_mushroom_princess,
          st_stairs_2
D:3:      layout_basic, chequers_serial_rivers_micro_c, uniq_ijyb

Skill      XL: |  1  2  3  4 |
---------------+-------------+-----
Dodging        | 2 |  2.3
Axes           | 3 |  3.0
Armour         | 2 |  2.0
Fighting       | |  2.9
Throwing       | |  1.0
Spellcasting   | |  2.1
Translocations | |  2.6

Action                     |  1- 3 |  4- 6 || total
---------------------------+-------+-------++-------
  Melee: Rapier            |    72 |    12 ||    84
         Hand axe          |     9 |       ||     9
   Stab: Sleeping          |     1 |       ||     1
 Armour: Leather armour    |    28 |     7 ||    35
  Dodge: Dodged            |    70 |     8 ||    78

Table legend: (Time is in decaauts)
 A = Elapsed time spent in this place.
 B = Non-inter-level travel time spent in this place.
 C = Inter-level travel time spent in this place.
 D = Time resting spent in this place.
 E = Time spent auto-exploring this place.
 F = Levels seen in this place.
 G = Mean time per level.
                   A        B        C        D        E       F      G
               +--------+--------+--------+--------+--------+-----+--------+
         Total |   1503 |   1429 |     74 |      0 |   1136 |   3 |  501.0 |
       Dungeon |   1503 |   1429 |     74 |      0 |   1136 |   3 |  501.0 |
               +--------+--------+--------+--------+--------+-----+--------+

Top non-repeatable levels by time:
     D:2: 902 daAuts
     D:1: 571 daAuts
     D:3: 29 daAuts
